 Dungeon Crawl Stone Soup version 0.27-a0-40-g5f2be0e231 (webtiles) character file.

Game seed: 14886413347747639193

3526 sahdkjhfkaj the Ogre Mage (level 10, -8/81 HPs)
             Began as an Ogre Venom Mage on Jan 6, 2021.
             Was an Initiate of Gozag.
             Mangled by a two-headed ogre
             ... wielding a +0 giant spiked club
              (21 damage)
             ... on level 8 of the Dungeon.
             The game lasted 00:12:01 (13830 turns).

sahdkjhfkaj the Ogre Mage (Ogre Venom Mage)        Turns: 13830, Time: 00:12:02

Health: -8/81      AC:  3    Str: 14    XL:     10   Next: 8%
Magic:  28/33      EV: 10    Int: 19    God:    Gozag
Gold:   1127       SH:  0    Dex: 15    Spells: 16/29 levels left

rFire    . . .     SeeInvis .   (no weapon)
rCold    . . .     Faith    .   (no shield)
rNeg     . . .     Spirit   .   a - +0 robe
rPois    .         Reflect  .   (helmet restricted)
rElec    .         Harm     .   (no cloak)
rCorr    .         Rampage  .   (gloves unavailable)
Will     +....                  (boots unavailable)
Stlth    ++........             o - amulet of the acrobat (curse)
HPRegen  0.23/turn              B - +6 ring of dexterity
MPRegen  0.23/turn              b - ring of magical power

@: radiating poison
A: large, unfitting armour, tough skin 1
a: Renounce Religion, Potion Petition, Call Merchant, Bribe Branch


You were on level 8 of the Dungeon.
You worshipped Gozag.
Gozag was most pleased with you.
You visited 1 branch of the dungeon, and saw 8 of its levels.

You collected 1560 gold pieces.
You spent 404 gold pieces at shops.
You paid 29 gold pieces to Gozag.

Inventory:

Armour
 a - a +0 robe (worn)
Jewellery
 b - a ring of magical power (right hand)
 o - a cursed amulet of the acrobat (around neck)
 r - a cursed ring of teleportation {unknown}
 t - an uncursed amulet of reflection {unknown}
 u - an uncursed ring of stealth {unknown}
 x - an uncursed ring of positive energy {unknown}
 A - an uncursed amulet of faith {unknown}
 B - a +6 ring of dexterity (left hand)
 D - an uncursed ring of wizardry {unknown}
Wands
 w - a wand of iceblast (7)
 y - a wand of flame (17)
 F - a wand of digging (9)
 G - a wand of paralysis (9)
Scrolls
 d - a scroll of fear
 e - 4 scrolls of immolation
 f - a scroll of identify
 l - 13 scrolls of teleportation {!r}
 m - 4 scrolls of remove curse
 n - 3 scrolls of magic mapping
 p - 4 scrolls of enchant armour
 v - 2 scrolls of blinking
 z - 2 scrolls of enchant weapon
Potions
 c - 2 potions of flight {unknown}
 g - 2 potions of haste {unknown}
 h - 3 potions of brilliance
 i - 3 potions of degeneration {unknown}
 j - a potion of magic {unknown}
 k - 4 potions of curing
 q - a potion of heal wounds
 s - a potion of lignification {unknown}
 C - 2 potions of cancellation {unknown}
 E - a potion of invisibility {unknown}


   Skills:
 - Level 2.0 Dodging
 - Level 1.7 Stealth
 - Level 10.0 Spellcasting
 - Level 1.0 Transmutations
 - Level 3.0 Fire Magic
 - Level 1.0 Air Magic
 + Level 9.7 Poison Magic


You had 16 spell levels left.
You knew the following spells:

 Your Spells              Type           Power        Failure   Level
a - Sting                 Tmut/Pois      100%         1%          1
b - Poisonous Vapours     Pois/Air       58%          1%          2
d - Mephitic Cloud        Conj/Pois/Air  23%          4%          3
A - Olgreb's Toxic Radia  Pois           46%          1%          4
I - Ignite Poison         Fire/Tmut/Pois 26%          3%          3

Your spell library contained the following spells:

 Spells                   Type           Power        Failure   Level


Dungeon Overview and Level Annotations

Branches:
Dungeon (8/15)             Temple (0/1) D:7
   Lair: D:8-11

Altars:
Ashenzari
Fedhas
Gozag
Hepliaklqana
Okawaru
Sif Muna
Trog
Vehumet

Shops:
D:5 [?:?

Annotations:
D:5 2 transporters
D:8 2 transporters


Innate Abilities, Weirdness & Mutations

You are too large for most types of armour.
You have tough skin. (AC +1)


Message History

The two-headed ogre completely misses you.
A two-headed ogre is nearby!
Casting: Sting (safe; 1% risk of failure)
Confirm with . or Enter, or press ? or * to list all spells.
Aiming: Sting (safe; 1% risk of failure)
Press: ? - help, Shift-Dir - straight line, f/p - two-headed ogre
Aim: a two-headed ogre, wielding two +0 giant spiked clubs (lightly wounded, very poisoned, 11% to evade)
The sting hits the two-headed ogre but does no damage.
The two-headed ogre looks even sicker.
The two-headed ogre is lightly wounded.
The two-headed ogre hits you with a +0 giant spiked club!
The two-headed ogre closely misses you.
Casting: Sting (safe; 1% risk of failure)
Confirm with . or Enter, or press ? or * to list all spells.
You begin to radiate toxic energy.
The two-headed ogre hits you with a +0 giant spiked club!!
* * * LOW HITPOINT WARNING * * *
The two-headed ogre hits you with a +0 giant spiked club!!
You die...
Your body crumbles into a pile of gold.

$ ..######...##
#...........##
##.#(#........#
........##.##.####.# $
#.#.......##......#
#.####.##.##.######
#.######......##.##.##
#........#######.#...#####
######..@O.##.....©.....#
#.###.#..#########.. #.#
#.#.##8z}clQ8##. #.#
#.#.#..$$=$ZC.#. ...
....#..#...#..#.
#.###.#.#.#...(.#.#. #..
..#.#.........#. ### ###
#.#.....#.#. #.. .©.#..#.


You could see a two-headed ogre (very poisoned).

Vanquished Creatures
  A tengu conjurer (D:7)
  3 ice beasts
  2 orc warriors
  A sky beast (D:7)
  2 phantoms
  A black bear (D:7)
  4 ogres
  2 necrophages
  3 centaurs
  A big kobold (D:7)
  Blork the orc (D:6)
  A bullfrog (D:5)
  A gnoll sergeant (D:8)
  A wyvern skeleton (D:7)
  A scorpion (D:7)
  6 wights
  A howler monkey (D:6)
  A centaur zombie (D:7)
  2 jellies
  4 orc priests
  4 hounds
  2 iguanas (D:7)
  8 worker ants
  4 orc wizards
  A hound zombie (D:7)
  A hound skeleton (D:7)
  Robin (D:2)
  8 gnolls
  11 adders
  A white imp (D:3)
  2 ufetubi
  2 oozes (D:2)
  2 worms
  2 dart slugs
  4 leopard geckos
  23 orcs
  10 bats
  6 giant cockroaches
  15 goblins
  5 hobgoblins
  15 jackals
  A quokka (D:2)
  A ball python (D:6)
  4 frilled lizards
  4 kobolds
  A leopard gecko skeleton (D:4)
  An orc zombie (D:5)
  7 rats
185 creatures vanquished.

Notes
Turn   | Place    | Note
-------+----------+-------------------------------------------
     0 | D:1      | sahdkjhfkaj the Ogre Venom Mage began the quest for the
                  | Orb.
     0 | D:1      | Reached XP level 1. HP: 16/16 MP: 3/3
   137 | D:1      | You fall into a shaft and drop 1 floor!
   150 | D:2      | Reached skill level 1 in Transmutations
   150 | D:2      | Reached XP level 2. HP: 24/24 MP: 0/5
   211 | D:2      | Learned a level 2 spell: Poisonous Vapours
   450 | D:2      | Noticed Robin
   491 | D:1      | Reached skill level 3 in Spellcasting
   755 | D:1      | Reached XP level 3. HP: 23/31 MP: 2/7
   801 | D:1      | HP: 1/31 [hobgoblin/+0 club (3)]
  1105 | D:1      | Learned a level 3 spell: Ignite Poison
  2063 | D:2      | Found an opulent altar of Gozag.
  2138 | D:2      | Became a worshipper of Gozag Ym Sagoz the Greedy
  2365 | D:2      | Reached skill level 4 in Spellcasting
  2381 | D:2      | Reached XP level 4. HP: 28/39 MP: 10/10
  2596 | D:2      | Found a blossoming altar of Fedhas.
  2750 | D:2      | Killed Robin
  2766 | D:2      | Learned a level 4 spell: Olgreb's Toxic Radiance
  3210 | D:2      | Reached skill level 5 in Spellcasting
  3246 | D:2      | Found a shimmering blue altar of Sif Muna.
  3386 | D:3      | Reached XP level 5. HP: 40/45 MP: 12/12
  4118 | D:3      | Reached skill level 6 in Spellcasting
  4831 | D:4      | Learned a level 3 spell: Mephitic Cloud
  4881 | D:4      | Reached XP level 6. HP: 48/53 MP: 15/15
  5214 | D:4      | Reached skill level 7 in Spellcasting
  5436 | D:4      | Found a radiant altar of Vehumet.
  5615 | D:4      | Found a radiant altar of Vehumet.
  5618 | D:4      | Found an iron altar of Okawaru.
  5621 | D:4      | Found a bloodstained altar of Trog.
  5837 | D:4      | Reached skill level 8 in Spellcasting
  5837 | D:4      | Reached XP level 7. HP: 12/59 MP: 18/18
  6357 | D:5      | Entered Level 5 of the Dungeon
  6401 | D:5      | Found a hazy altar of Hepliaklqana.
  6446 | D:5      | Found Fibba's Magic Scroll Shop.
  6459 | D:5      | Bought a scroll of immolation for 38 gold pieces
  6459 | D:5      | Bought a scroll of teleportation for 33 gold pieces
  6459 | D:5      | Bought a scroll of teleportation for 33 gold pieces
  6459 | D:5      | Bought a scroll of enchant armour for 82 gold pieces
  6459 | D:5      | Bought a scroll of blinking for 82 gold pieces
  6606 | D:5      | Found Ahuhig's Book Shop.
  6656 | D:5      | Found Xireluo Gafo's Magic Scroll Shoppe.
  6667 | D:5      | Found a sand-covered staircase.
  6667 | D:5      | Found a transporter.
  7023 | D:5      | Found a transporter.
  7235 | D:5      | Found Inocim's Antique Armour Boutique.
  7250 | D:5      | Bought a heavily jewelled robe for 136 gold pieces
  7260 | D:5      | Identified the +4 robe of Day {-Cast +Fly Will+ Dex+4} (You
                  | bought it in a shop on level 5 of the Dungeon)
  7368 | D:6      | Noticed Blork the orc
  7372 | D:6      | Killed Blork the orc
  7400 | D:5      | Reached skill level 9 in Spellcasting
  7664 | D:6      | Reached XP level 8. HP: 40/67 MP: 17/21
  7893 | D:6      | Found a glowing drain.
  7902 | D:6      | Reached skill level 10 in Spellcasting
  7902 | D:6      | Reached skill level 1 in Air Magic
  7931 | D:6      | Reached skill level 1 in Fire Magic
  8519 | D:6      | Found a broken altar of Ashenzari.
  9179 | D:7      | Found a staircase to the Ecumenical Temple.
  9475 | D:6      | Reached skill level 5 in Poison Magic
  9479 | D:6      | Reached XP level 9. HP: 19/74 MP: 7/23
 13239 | D:7      | Noticed a tengu conjurer
 13247 | D:7      | Killed a tengu conjurer
 13248 | D:7      | Reached XP level 10. HP: 50/81 MP: 20/24
 13405 | D:7      | Got a slimy broad axe
 13405 | D:7      | Identified the +6 broad axe of Jiwk {antimagic, rPois
                  | Will+} (You found it on level 7 of the Dungeon)
 13775 | D:8      | Found a transporter.
 13778 | D:8      | Noticed a centaur warrior
 13778 | D:8      | Noticed a cyclops
 13779 | D:8      | Found a transporter.
 13820 | D:8      | Noticed a two-headed ogre
 13830 | D:8      | Mangled by a two-headed ogre

Illustrated notes

Levels and vault maps discovered:
D:1:      minmay_arrival_plants_in_alcoves, layout_basic
D:2:      layout_basic, led_sif_pool,
          nicolae_gozag_cash_rules_everything_around_me,
          overflow_temple_1_default, uniq_robin
D:3:      layout_loops_ring, minmay_fractal_squares_gapless_5
D:4:      layout_loops_ring, grunt_temple_overflow_diamond,
          vehumet_altar_wand_db
D:5:      gammafunk_cloud_chamber, layout_cave_pods, old_standard_altar,
          serial_shops, shop, shop_coins, nicolae_shop_trees,
          kennysheep_mini_moat, enter_ossuary_3
D:6:      layout_basic, nicolae_ashenzari_panopticon,
          cheibrodos_sewer_entry_drain, uniq_blork_the_orc
D:7:      nzn_winding_woodlands_medium [nzn_winding_woodlands_5x5_cross,
          nzn_winding_woodlands_5x15_parted, nzn_winding_woodlands_hourglass,
          nzn_winding_woodlands_5x5_three,
          nzn_winding_woodlands_center_diamonds,
          nzn_winding_woodlands_5x5_perimeter,
          nzn_winding_woodlands_5x5_open_star, nzn_winding_woodlands_5x15_eye,
          nzn_winding_woodlands_5x5_default], layout_basic,
          minmay_temple_entry_tees
D:8:      gammafunk_sealed_arena, layout_loops_corners,
          grunt_temple_overflow_order_and_chaos_2, grunt_dithmenos_shadows,
          lemuel_centaur_altar, uniq_pikel

Skill      XL: |  1  2  3  4  5  6  7  8  9 |
---------------+----------------------------+-----
Dodging        | 2 |  2.0
Transmutations | 1 |  1.0
Poison Magic   | 3 5 9 |  9.7
Spellcasting   | 3 4 5 6 8 9 10 | 10.0
Air Magic      | 1 |  1.0
Fire Magic     | 3 |  3.0
Stealth        | |  1.7

Action                   |  1- 3 |  4- 6 |  7- 9 | 10-12 || total
-------------------------+-------+-------+-------+-------++-------
Melee: Unarmed           |    80 |    77 |   133 |    10 ||   300
 Cast: Sting             |    58 |   131 |   217 |    12 ||   418
       Ignite Poison     |       |     3 |    38 |     1 ||    42
       Olgreb's Toxic Ra |       |     1 |    13 |     2 ||    16
       Mephitic Cloud    |       |       |    28 |       ||    28
  Use: Potion            |     1 |       |     1 |       ||     2
       Scroll            |     2 |     4 |     4 |       ||    10
 Stab: Sleeping          |     1 |     1 |       |     1 ||     3
Armor: Robe              |    55 |    39 |    57 |     3 ||   154
Dodge: Dodged            |   108 |   128 |   212 |    10 ||   458

Table legend: (Time is in decaauts)
 A = Elapsed time spent in this place.
 B = Non-inter-level travel time spent in this place.
 C = Inter-level travel time spent in this place.
 D = Time resting spent in this place.
 E = Time spent auto-exploring this place.
 F = Levels seen in this place.
 G = Mean time per level.
                   A        B        C        D        E       F      G
               +--------+--------+--------+--------+--------+-----+--------+
         Total |  13844 |  13719 |    125 |   1746 |  10229 |   8 | 1730.5 |
       Dungeon |  13844 |  13719 |    125 |   1746 |  10229 |   8 | 1730.5 |
               +--------+--------+--------+--------+--------+-----+--------+

Top non-repeatable levels by time:
     D:7: 3582 daAuts
     D:6: 2348 daAuts
     D:1: 1678 daAuts
     D:2: 1664 daAuts
     D:4: 1530 daAuts
     D:3: 1484 daAuts
     D:5: 1275 daAuts
     D:8: 280 daAuts
